 Dungeon Crawl Stone Soup version 0.19-a0-1368-g41a3d51 (webtiles) character file.

479 LORDOFBUTT the Shield-Bearer (level 7, -6/55 HPs)
             Began as a Formicid Fighter on Sept 2, 2016.
             Mangled by buddhastalin's ghost (9 damage)
             ... on level 4 of the Dungeon on Sept 3, 2016.
             The game lasted 00:04:43 (2557 turns).

LORDOFBUTT the Shield-Bearer (Formicid Fighter)     Turns: 2557, Time: 00:04:44

Health: -6/55      AC: 10    Str: 20    XL:     7   Next: 33%
Magic:  7/7        EV:  9    Int:  8    God:
Gold:   189        SH: 10    Dex: 12    Spells: 0 memorised, 6 levels left

rFire  . . .     SeeInvis +     a - +3 war axe
rCold  . . .     Gourm    .     b - +0 scale mail
rNeg   . . .     Faith    .     c - +0 shield
rPois  .         Spirit   .     (helmet unavailable)
rElec  .         Dismiss  .     e - +0 cloak
rCorr  .         Reflect  .     k - +0 pair of gloves
MR     .....     Harm     .     o - +0 pair of boots
Stlth  ..........               (no amulet)
                                (no ring)
                                (no ring)

@: no status effects
A: permanent stasis, dig shafts and tunnels, four strong arms, antennae 3
a: Dig, Shaft Self


You were on level 4 of the Dungeon.
You were not hungry.

You visited 1 branch of the dungeon, and saw 4 of its levels.

You collected 189 gold pieces.

Inventory:

Hand Weapons
 a - a +3 war axe (weapon)
Armour
 b - a +0 scale mail (worn)
 c - a +0 shield (worn)
 e - a +0 cloak (worn)
 k - a +0 pair of gloves (worn)
 o - a +0 pair of boots (worn)
Wands
 d - a wand of random effects (28/48)
 s - a wand of confusion (12/48)
Scrolls
 g - a scroll of fog
 h - a scroll of recharging {unknown}
 i - a scroll of amnesia {unknown}
 j - 2 scrolls of remove curse
 l - a scroll of noise {unknown}
 p - 2 scrolls of identify
 r - a scroll of immolation {unknown}
Potions
 m - a potion of brilliance
 n - a potion of berserk rage
Comestibles
 f - 2 bread rations


   Skills:
 + Level 4.5 Fighting
 + Level 4.1 Axes
 + Level 4.9 Armour
 + Level 2.1 Dodging
 + Level 0.3 Stealth
 + Level 5.3 Shields


You had 6 spell levels left.
You didn't know any spells.

Dungeon Overview and Level Annotations

Branches:
Dungeon (4/15)
 Temple: D:4-7

Altars:

Annotations:
D:4 buddhastalin's ghost, novice FoFi


Innate Abilities, Weirdness & Mutations

You are under a permanent stasis effect.
You can dig through walls and to a lower floor.
Your four strong arms can wield two-handed weapons with a shield.
You have a pair of large antennae on your head. (SInv)


Message History

You hit buddhastalin's ghost.
Buddhastalin's ghost is severely damaged.
Buddhastalin's ghost hits you but does no damage.
You barely miss buddhastalin's ghost.
Buddhastalin's ghost is severely damaged.
Buddhastalin's ghost hits you!
* * * LOW HITPOINT WARNING * * *
Buddhastalin's ghost hits you.
* * * LOW HITPOINT WARNING * * *
You are too injured to fight recklessly!
You feel better.
Buddhastalin's ghost hits you but does no damage.
You slash buddhastalin's ghost!
Buddhastalin's ghost is almost destroyed.
Buddhastalin's ghost hits you!
* * * LOW HITPOINT WARNING * * *
You barely miss buddhastalin's ghost.
Buddhastalin's ghost is almost destroyed.
Buddhastalin's ghost hits you!
You die...

###### ###
#....#############
....####....##..........#
.............#..........#
....................>...##
#.†.§....#...........†
#..§§§....#######...##
#..§§@§...# ...###.##
#..§§W.§#.# .....####
#..........)# #.....#.
#.......##....# #.....
+........ ..### ##...
#...........# ##...)
##........... ##.....
............###.....# ....
....#.....##


You could see buddhastalin's ghost.

Vanquished Creatures
  2 phantoms (D:4)
  A scorpion (D:4)
  A giant frog skeleton (D:4)
  Jessica (D:3)
  Crazy Yiuf (D:2)
  Terence (D:2)
  A hound skeleton (D:4)
  Robin (D:2)
  4 adders
  An ooze (D:3)
  2 worms (D:2)
  2 dart slugs (D:1)
  A giant gecko (D:2)
  An orc (D:4)
  4 bats
  A giant cockroach (D:4)
  15 goblins
  13 hobgoblins
  6 kobolds
  A quokka (D:2)
  2 ball pythons
  3 giant newts
  A jackal skeleton (D:4)
  6 rats
72 creatures vanquished.

Notes
Turn   | Place    | Note
-------+----------+-------------------------------------------
     0 | D:1      | LORDOFBUTT the Formicid Fighter began the quest for the Orb.
     0 | D:1      | Reached XP level 1. HP: 18/18 MP: 1/1
   174 | D:1      | Reached XP level 2. HP: 24/24 MP: 2/2
   611 | D:2      | Reached XP level 3. HP: 30/30 MP: 3/3
   613 | D:2      | Reached skill level 4 in Shields
   731 | D:2      | Noticed Terence
   741 | D:2      | Killed Terence
   741 | D:2      | Reached XP level 4. HP: 33/37 MP: 4/4
   752 | D:2      | Noticed Robin
   767 | D:2      | Killed Robin
   830 | D:2      | Reached XP level 5. HP: 28/42 MP: 5/5
  1125 | D:2      | Found a runed door.
  1541 | D:2      | Noticed Crazy Yiuf
  1544 | D:2      | Killed Crazy Yiuf
  1544 | D:2      | Reached skill level 1 in Dodging
  1732 | D:3      | Noticed Jessica
  1741 | D:3      | Killed Jessica
  1830 | D:3      | Reached XP level 6. HP: 45/48 MP: 6/6
  2109 | D:4      | Noticed a phantom
  2144 | D:4      | Killed a phantom
  2144 | D:4      | Reached skill level 5 in Shields
  2145 | D:4      | Noticed buddhastalin's ghost (novice FoFi)
  2355 | D:4      | Noticed a phantom
  2394 | D:4      | Killed a phantom
  2394 | D:4      | Reached XP level 7. HP: 43/55 MP: 7/7
  2557 | D:4      | Mangled by buddhastalin's ghost

Vault maps used:
D:1:      evilmike_arrival_hilbert_curve, fountainhead
D:2:      uniq_crazy_yiuf_cottage, uniq_robin, uniq_terence
D:3:      first_bread, uniq_jessica
D:4:      serial_shops, shop, corexii_shack, hangedman_decor_diamond_cutter,
          minmay_crossroads

Skill      XL: |  1  2  3  4  5  6  7 |
---------------+----------------------+-----
Shields        | 4 5 |  5.3
Armour         | 4 |  4.9
Axes           | 3 4 |  4.1
Fighting       | 4 |  4.5
Dodging        | 1 2 |  2.1
Stealth        | |  0.3

Action                   |  1- 3 |  4- 6 |  7- 9 || total
-------------------------+-------+-------+-------++-------
Melee: War axe           |    45 |   190 |    24 ||   259
  Use: Potion            |       |     1 |     1 ||     2
       Scroll            |       |     6 |     2 ||     8
  Eat: Bread ration      |       |     1 |       ||     1
       Meat ration       |       |     1 |       ||     1
Armor: Scale mail        |    13 |    82 |     5 ||   100
Dodge: Dodged            |    15 |    57 |    10 ||    82
Block: Shield            |    23 |   108 |    12 ||   143
